| TOP OF THE 1ST |
|
University of Oklahoma Sooners batting - Pitching for Louisiana State University Tigers : RHP Bobby Hanson
|
|
Pitching: RHP Bobby Hanson
|
|
|
Batting: RHB Kjeld Leen
|
0-0: Called Strike 0-1: Ball 1-1: Called Strike 1-2: Ball 2-2: Strikes out swinging
|
|
Batting: RHB Mike Blehm
|
0-0: Ball 1-0: Fly out, F9 (Flyball, 9D, EV 105.6 MPH)
|
|
Batting: RHB Suk Hahn
|
0-0: Called Strike 0-1: Foul Ball, location: 2F 0-2: Strikes out swinging
|
| Top of the 1st over - 0 runs, 0 hits, 0 errors, 0 left on base; University of Oklahoma 0 - Louisiana State University 0 |
| BOTTOM OF THE 1ST |
|
Louisiana State University Tigers batting - Pitching for University of Oklahoma Sooners : RHP Kay Cooper
|
|
Pitching: RHP Kay Cooper
|
|
|
Batting: RHB David Olivarez
|
0-0: Called Strike 0-1: Fly out, F8 (Flyball, 8LM, EV 94.4 MPH)
|
|
Batting: RHB Bernie Benavides
|
0-0: Ball 1-0: Foul Ball, location: 2F 1-1: Ball 2-1: Ball 3-1: Base on Balls
|
|
Batting: RHB Stewart Walker
|
Pickoff Throw to First - Out! 1-3 0-0: Ball 1-0: Foul Ball, location: 2F 1-1: Foul Ball, location: 2F 1-2: Ball 2-2: Ball 3-2: Strikes out swinging
|
| Bottom of the 1st over - 0 runs, 0 hits, 0 errors, 0 left on base; University of Oklahoma 0 - Louisiana State University 0 |
| TOP OF THE 2ND |
|
University of Oklahoma Sooners batting - Pitching for Louisiana State University Tigers : RHP Bobby Hanson
|
|
Batting: RHB Alex Perez
|
0-0: Ball 1-0: Ball 2-0: Foul Ball, location: 2F 2-1: Fly out, F8 (Flyball, 8RD, EV 76.9 MPH)
|
|
Batting: SHB Orlando Uribe
|
0-0: Called Strike 0-1: Swinging Strike 0-2: Foul Ball, location: 2F 0-2: Foul Ball, location: 2F 0-2: Ball 1-2: Strikes out swinging
|
|
Batting: RHB Sugiarto Kartosuwiryo
|
0-0: Ball 1-0: Called Strike 1-1: Ground out 5-3 (Groundball, 56, EV 78.8 MPH)
|
| Top of the 2nd over - 0 runs, 0 hits, 0 errors, 0 left on base; University of Oklahoma 0 - Louisiana State University 0 |
| BOTTOM OF THE 2ND |
|
Louisiana State University Tigers batting - Pitching for University of Oklahoma Sooners : RHP Kay Cooper
|
|
Batting: LHB Carsten Obenauer
|
0-0: Fly out, F6 (Popup, P, EV 74.4 MPH)
|
|
Batting: LHB Oscar Rivera
|
0-0: Ball 1-0: Called Strike 1-1: Foul Ball, location: 2F 1-2: Strikes out swinging
|
|
Batting: LHB Matt Ellington
|
0-0: Fly out, F6 (Popup, 6D, EV 75.0 MPH)
|
| Bottom of the 2nd over - 0 runs, 0 hits, 0 errors, 0 left on base; University of Oklahoma 0 - Louisiana State University 0 |
| TOP OF THE 3RD |
|
University of Oklahoma Sooners batting - Pitching for Louisiana State University Tigers : RHP Bobby Hanson
|
|
Batting: RHB Sam Mason
|
0-0: Ground out 1-3 (Groundball, 15, EV 62.5 MPH)
|
|
Batting: RHB David Stuckey
|
0-0: Called Strike 0-1: Called Strike 0-2: Ball 1-2: Strikes out swinging
|
|
Batting: RHB Ben Gappa
|
0-0: Called Strike 0-1: Ball 1-1: Called Strike 1-2: Foul Ball, location: 2F 1-2: Ball 2-2: SINGLE (Groundball, 56S, EV 72.5 MPH) (infield hit)
|
|
Batting: RHB Kjeld Leen
|
0-0: Swinging Strike 0-1: Called Strike 0-2: Foul Ball, location: 2F 0-2: Strikes out swinging
|
| Top of the 3rd over - 0 runs, 1 hit, 0 errors, 1 left on base; University of Oklahoma 0 - Louisiana State University 0 |
| BOTTOM OF THE 3RD |
|
Louisiana State University Tigers batting - Pitching for University of Oklahoma Sooners : RHP Kay Cooper
|
|
Batting: LHB Manny Grado
|
0-0: Called Strike 0-1: Foul Ball, location: 2F 0-2: Ball 1-2: Ball 2-2: Strikes out swinging
|
|
Batting: RHB Bobby Hanson
|
0-0: Called Strike 0-1: Ball 1-1: Called Strike 1-2: Strikes out swinging
|
|
Batting: RHB Byung-hee Jee
|
0-0: Ball 1-0: Fly out, F3 (Line Drive, 3L, EV 70.0 MPH)
|
| Bottom of the 3rd over - 0 runs, 0 hits, 0 errors, 0 left on base; University of Oklahoma 0 - Louisiana State University 0 |
| TOP OF THE 4TH |
|
University of Oklahoma Sooners batting - Pitching for Louisiana State University Tigers : RHP Bobby Hanson
|
|
Batting: RHB Mike Blehm
|
0-0: Ground out 1-3 (Groundball, 34S, EV 69.4 MPH)
|
|
Batting: RHB Suk Hahn
|
0-0: Called Strike 0-1: Called Strike 0-2: Ball 1-2: Ground out 3-1 (Groundball, 34, EV 84.4 MPH)
|
|
Batting: RHB Alex Perez
|
0-0: Foul Ball, location: 2F 0-1: Ball 1-1: Ball 2-1: SINGLE (Groundball, 6MD, EV 97.5 MPH)
|
|
Batting: SHB Orlando Uribe
|
0-0: Ball 1-0: Foul Ball, location: 2F 1-1: Called Strike 1-2: Ball 2-2: Ball 3-2: Strikes out swinging
|
| Top of the 4th over - 0 runs, 1 hit, 0 errors, 1 left on base; University of Oklahoma 0 - Louisiana State University 0 |
| BOTTOM OF THE 4TH |
|
Louisiana State University Tigers batting - Pitching for University of Oklahoma Sooners : RHP Kay Cooper
|
|
Batting: RHB David Olivarez
|
0-0: Ball 1-0: Swinging Strike 1-1: Swinging Strike 1-2: Strikes out swinging
|
|
Batting: RHB Bernie Benavides
|
0-0: Foul Ball, location: 2F 0-1: Swinging Strike 0-2: Ball 1-2: Strikes out swinging
|
|
Batting: RHB Stewart Walker
|
0-0: Ball 1-0: Foul Ball, location: 2F 1-1: Foul Ball, location: 2F 1-2: Foul Ball, location: 2F 1-2: Ball 2-2: Foul Ball, location: 2F 2-2: Ball 3-2: Ground out U3 (Groundball, 3S, EV 70.0 MPH)
|
| Bottom of the 4th over - 0 runs, 0 hits, 0 errors, 0 left on base; University of Oklahoma 0 - Louisiana State University 0 |
| TOP OF THE 5TH |
|
University of Oklahoma Sooners batting - Pitching for Louisiana State University Tigers : RHP Bobby Hanson
|
|
Batting: RHB Sugiarto Kartosuwiryo
|
0-0: Called Strike 0-1: Ball 1-1: Called Strike 1-2: Ball 2-2: Ground out 2-3 (Groundball, 15S, EV 73.8 MPH)
|
|
Batting: RHB Sam Mason
|
0-0: Ball 1-0: Foul Ball, location: 2F 1-1: Foul Ball, location: 2F 1-2: Strikes out looking
|
|
Batting: RHB David Stuckey
|
0-0: Foul Ball, location: 2F 0-1: Ground out 5-3 (Groundball, 5S, EV 85.0 MPH)
|
| Top of the 5th over - 0 runs, 0 hits, 0 errors, 0 left on base; University of Oklahoma 0 - Louisiana State University 0 |
| BOTTOM OF THE 5TH |
|
Louisiana State University Tigers batting - Pitching for University of Oklahoma Sooners : RHP Kay Cooper
|
|
Batting: LHB Carsten Obenauer
|
0-0: Ball 1-0: Called Strike 1-1: Foul Ball, location: 2F 1-2: Strikes out looking
|
|
Batting: LHB Oscar Rivera
|
0-0: Called Strike 0-1: Ball 1-1: Ball 2-1: Foul Ball, location: 2F 2-2: Strikes out looking
|
|
Batting: LHB Matt Ellington
|
0-0: Fly out, F8 (Flyball, 8LD, EV 104.4 MPH)
|
| Bottom of the 5th over - 0 runs, 0 hits, 0 errors, 0 left on base; University of Oklahoma 0 - Louisiana State University 0 |
| TOP OF THE 6TH |
|
University of Oklahoma Sooners batting - Pitching for Louisiana State University Tigers : RHP Bobby Hanson
|
|
Batting: RHB Ben Gappa
|
0-0: Ball 1-0: Called Strike 1-1: Ball 2-1: Called Strike 2-2: Foul Ball, location: 2F 2-2: Foul Ball, location: 2F 2-2: Foul Ball, location: 2F 2-2: Foul Ball, location: 2F 2-2: Ball 3-2: Foul Ball, location: 2F 3-2: Foul Ball, location: 2F 3-2: Fly out, F4 (Popup, 4M, EV 63.1 MPH)
|
|
Pitching: RHP Michael Koppers
|
|
|
Batting: RHB Kjeld Leen
|
0-0: Ball 1-0: Called Strike 1-1: Foul Ball, location: 2F 1-2: Strikes out swinging
|
|
Batting: RHB Mike Blehm
|
0-0: Ground out 4-3 (Groundball, 4, EV 86.2 MPH)
|
| Top of the 6th over - 0 runs, 0 hits, 0 errors, 0 left on base; University of Oklahoma 0 - Louisiana State University 0 |
| BOTTOM OF THE 6TH |
|
Louisiana State University Tigers batting - Pitching for University of Oklahoma Sooners : RHP Kay Cooper
|
|
Batting: LHB Manny Grado
|
0-0: Ball 1-0: Foul Ball, location: 2F 1-1: Swinging Strike 1-2: Strikes out swinging
|
|
Batting: RHB Bobby Hanson
|
0-0: Swinging Strike 0-1: Ground out 4-3 (Groundball, 4, EV 78.8 MPH)
|
|
Batting: RHB Byung-hee Jee
|
0-0: Called Strike 0-1: Called Strike 0-2: Foul Ball, location: 2F 0-2: Ball 1-2: Strikes out swinging
|
| Bottom of the 6th over - 0 runs, 0 hits, 0 errors, 0 left on base; University of Oklahoma 0 - Louisiana State University 0 |
| TOP OF THE 7TH |
|
University of Oklahoma Sooners batting - Pitching for Louisiana State University Tigers : RHP Michael Koppers
|
|
Batting: RHB Suk Hahn
|
0-0: Called Strike 0-1: Swinging Strike 0-2: Strikes out swinging
|
|
Batting: RHB Alex Perez
|
0-0: Swinging Strike 0-1: Ball 1-1: Ball 2-1: Ball 3-1: Foul Ball, location: 2F 3-2: Fly out, F9 (Flyball, 9LM, EV 75.6 MPH)
|
|
Batting: SHB Orlando Uribe
|
0-0: Fly out, F8 (Flyball, 78D, EV 83.1 MPH)
|
| Top of the 7th over - 0 runs, 0 hits, 0 errors, 0 left on base; University of Oklahoma 0 - Louisiana State University 0 |
| BOTTOM OF THE 7TH |
|
Louisiana State University Tigers batting - Pitching for University of Oklahoma Sooners : RHP Kay Cooper
|
|
Batting: RHB David Olivarez
|
0-0: Ball 1-0: SINGLE (Groundball, 56D, EV 95.0 MPH)
|
|
Batting: RHB Bernie Benavides
|
0-0: Ball 1-0: Bunted foul 1-1: Bunt missed! Balk! David Olivarez to second 1-2: Ground out 5-3 (Groundball, 56S, EV 63.1 MPH) David Olivarez to third
|
|
Batting: RHB Stewart Walker
|
0-0: Fly out, F8 (Line Drive, 8LM, EV 103.8 MPH) Runner from 3rd tags up, SCORES, throw by CF
|
|
Batting: LHB Carsten Obenauer
|
0-0: Called Strike 0-1: Foul Ball, location: 2F 0-2: Strikes out looking
|
| Bottom of the 7th over - 1 run, 1 hit, 0 errors, 0 left on base; University of Oklahoma 0 - Louisiana State University 1 |
| TOP OF THE 8TH |
|
University of Oklahoma Sooners batting - Pitching for Louisiana State University Tigers : RHP Michael Koppers
|
|
Batting: RHB Sugiarto Kartosuwiryo
|
0-0: Ball 1-0: SINGLE (Groundball, 6MD, EV 98.8 MPH)
|
|
Pitching: LHP Luis Sandoval
|
|
|
Batting: RHB Sam Mason
|
0-0: Ball 1-0: Called Strike 1-1: Grounds into double play, 6-4-3 (Groundball, 6S, EV 88.1 MPH)
|
|
Batting: RHB David Stuckey
|
0-0: Foul Ball, location: 2F 0-1: Called Strike 0-2: Ball 1-2: Strikes out swinging
|
| Top of the 8th over - 0 runs, 1 hit, 0 errors, 0 left on base; University of Oklahoma 0 - Louisiana State University 1 |
| BOTTOM OF THE 8TH |
|
Louisiana State University Tigers batting - Pitching for University of Oklahoma Sooners : RHP Kay Cooper
|
|
Pitching: RHP Ignacio Belloli
|
|
|
Batting: LHB Oscar Rivera
|
0-0: Called Strike 0-1: Swinging Strike 0-2: Ball 1-2: Ball 2-2: Strikes out swinging
|
|
Batting: LHB Matt Ellington
|
0-0: Ball 1-0: Fly out, F8 (Flyball, 8LD, EV 92.5 MPH)
|
|
Batting: LHB Manny Grado
|
0-0: Ground out 4-3 (Groundball, 4, EV 82.5 MPH)
|
| Bottom of the 8th over - 0 runs, 0 hits, 0 errors, 0 left on base; University of Oklahoma 0 - Louisiana State University 1 |
| TOP OF THE 9TH |
|
University of Oklahoma Sooners batting - Pitching for Louisiana State University Tigers : LHP Luis Sandoval
|
|
Pitching: LHP Clyde Fisher
|
|
|
Batting: RHB Ben Gappa
|
0-0: Called Strike 0-1: Swinging Strike 0-2: Strikes out swinging
|
|
Batting: RHB Kjeld Leen
|
0-0: Ball 1-0: Ball 2-0: Swinging Strike 2-1: Foul Ball, location: 2F 2-2: Strikes out swinging
|
|
Batting: RHB Mike Blehm
|
0-0: Called Strike 0-1: Foul Ball, location: 2F 0-2: Foul Ball, location: 2F 0-2: Ground out 6-3 (Groundball, 4M, EV 76.9 MPH)
|
| Top of the 9th over - 0 runs, 0 hits, 0 errors, 0 left on base; University of Oklahoma 0 - Louisiana State University 1 |
|